 Dungeon Crawl Stone Soup version 0.17.0-22-g5edae84 (webtiles) character file.

3642 ketsa the Chiller (level 9, -6/80 HPs)
             Began as a Yellow Draconian Ice Elementalist on Nov 12, 2015.
             Was a Believer of Makhleb.
             Mangled by a blink frog (16 damage)
             ... on level 9 of the Dungeon.
             The game lasted 00:44:28 (13879 turns).

ketsa the Chiller (DrIE)                           Turns: 13879, Time: 00:44:28

Health: -6/80      AC: 12    Str: 10    XL:     9   Next: 88%
Magic:  7/18       EV: 12    Int: 17    God:    Makhleb [**....]
Gold:   512        SH:  0    Dex: 14    Spells: 3 memorised, 14 levels left

rFire  . . .     SeeInvis .     z - +2 quarterstaff (protect)
rCold  . . .     Clarity  .     (armour unavailable)
rNeg   + . .     SustAt   .     (shield currently unavailable)
rPois  .         Gourm    .     (helmet restricted)
rElec  .         Spirit   .     (no cloak)
rCorr  +         Warding  .     (no gloves)
rMut   .         Stasis   .     (no boots)
MR     .....                    (no amulet)
Stlth  ++........               (no ring)
                                h - ring of positive energy

@: not resistant to hostile enchantments, unstealthy
A: spit acid, acid resistance, unfitting armour, cold-blooded, AC +7
a: Spit Acid, Minor Destruction, Renounce Religion


You were on level 9 of the Dungeon.
You worshipped Makhleb.
Makhleb was pleased with you.
You were full.

You visited 3 branches of the dungeon, and saw 11 of its levels.

You collected 512 gold pieces.

Inventory:

Hand Weapons
 e - a +0 dagger of draining
 j - a cursed +3 flail of freezing
 k - a +1 quarterstaff of holy wrath
 z - a +2 quarterstaff of protection (weapon)
 H - a +0 blowgun
Missiles
 B - 11 curare-tipped needles
 I - 13 poisoned needles
Jewellery
 h - a ring of positive energy (left hand)
 A - an uncursed amulet of resist corrosion {unknown}
Wands
 o - a wand of draining (6)
 C - a wand of disintegration (11)
Scrolls
 c - a scroll of random uselessness {unknown}
 g - 2 scrolls of teleportation
 i - a scroll of enchant armour
 p - a scroll of enchant weapon
 q - 3 scrolls of remove curse
 r - a scroll of blinking
 s - a scroll of immolation {unknown}
 u - a scroll of noise {unknown}
 y - a scroll of fear
 D - 2 scrolls of amnesia
 E - 2 scrolls of identify
 F - a scroll of vulnerability {unknown}
Potions
 d - 2 potions of lignification
 f - a potion of ambrosia {unknown}
 l - a potion of poison {unknown}
 m - a potion of cure mutation {unknown}
 n - a potion of flight {unknown}
 t - 3 potions of brilliance
 v - a potion of might {unknown}
 x - 2 potions of heal wounds
Books
 a - a book of Frost

   Spells                             Type                      Level
   a - Freeze                         Ice                          1
   b - Throw Frost                    Conjuration/Ice              2
   c - Ozocubu's Armour               Charms/Ice                   3
   d - Throw Icicle                   Conjuration/Ice              4
   e - Summon Ice Beast               Ice/Summoning                4
   f - Condensation Shield            Ice                          4
 w - a book of Changes

   Spells                             Type                      Level
   a - Beastly Appendage              Transmutation                1
   b - Sticks to Snakes               Transmutation                2
   c - Spider Form                    Transmutation/Poison         3
   d - Ice Form                       Ice/Transmutation            4
   e - Blade Hands                    Transmutation                5
Comestibles
 b - 7 bread rations
 G - 6 chunks of flesh


   Skills:
 + Level 7.6 Fighting
 - Level 4.9 Staves
 - Level 1.7 Dodging
 - Level 2.5 Stealth
 + Level 1.1 Unarmed Combat
 + Level 6.6 Spellcasting
 + Level 4.6 Conjurations
 + Level 7.7 Ice Magic


You had 14 spell levels left.
You knew the following spells:

 Your Spells              Type           Power        Failure   Level  Hunger
a - Freeze                Ice            ####         1%          1    None
b - Throw Frost           Conj/Ice       ####..       1%          2    None
c - Throw Icicle          Conj/Ice       ####....     12%         4    ####...


Dungeon Overview and Level Annotations

Branches:
Dungeon (9/15)             Temple (1/1) D:4            Lair (1/8) D:9
    Orc: D:9-12

Altars:
Ashenzari
Cheibriados
Dithmenos
Fedhas
Gozag
Kikubaaqudgha
Makhleb
Nemelex Xobeh
Okawaru
Qazlal
Ru
Sif Muna
Trog
Vehumet
Xom
Yredelemnul
Zin
The Shining One

Annotations:
D:2 exclusions: 2 downstairs and oklob plant
D:3 emiel's ghost, amateur FoFE
D:8 exclusion: door


Innate Abilities, Weirdness & Mutations

You can spit globs of acid.
You are resistant to acid.
Your golden yellow scales are hard (AC +7).
Your body does not fit into most forms of armour.
You are cold-blooded and may be slowed by cold attacks.


Message History

The blink frog blinks!
Casting: Freeze
Confirm with . or Enter, or press ? or * to list all spells.
Aiming: Freeze
Press: ? - help, Shift-Dir - straight line, f - blink frog
Aim: a blink frog You freeze the blink frog.
The blink frog seems to slow down.
The blink frog is moderately wounded.
The blink frog completely misses you. The blink frog closely misses you.
The blink frog hits you!
* * * LOW HITPOINT WARNING * * *
Casting: Freeze
Confirm with . or Enter, or press ? or * to list all spells.
Aiming: Freeze
Press: ? - help, Shift-Dir - straight line, f/p - blink frog
Aim: a blink frog (moderately wounded, slow)
You freeze the blink frog.
The blink frog is heavily wounded.
The blink frog blinks!
The blink frog hits you!
You die...

.. #. ....
#.##########.....
#................
#...§.≈≈≈........
#.#.≈≈≈≈≈≈.§.....
#...≈≈≈.§≈≈......
#...§≈§@.§≈F....
#...≈§≈§F≈§.###
#.#..≈≈§≈.≈.##
#.#.....≈≈...#
#.#..........#
#..F.........#####
#.................
#.................
#.######..........


You could see 3 blink frogs.

Vanquished Creatures
  A fire drake (D:9)
  2 water moccasins
  4 orc warriors
  5 ogres
  A necrophage (D:8)
  A sky beast (D:7)
  4 phantoms
  3 centaurs
  2 big kobolds
  5 wights (D:6)
  A giant frog zombie (D:7)
  A wasp zombie (D:8)
  3 giant frog skeletons
  6 orc wizards
  5 crimson imps
  2 hounds
  A jelly (D:8)
  7 orc priests
  5 worker ants
  A hound skeleton (D:5)
  A worker ant zombie (D:6)
  8 adders
  7 gnolls
  4 shadow imps
  An ooze (D:2)
  An adder zombie (D:8)
  2 adder skeletons (D:7)
  2 worms
  6 giant geckos
  33 orcs
  4 ball pythons
  7 bats
  5 giant cockroaches
  7 goblins
  8 hobgoblins
  6 jackals (D:6)
  17 kobolds
  3 quokkas
  A giant cockroach zombie (D:5)
  A giant gecko skeleton (D:5)
  2 giant gecko zombies
  8 giant newts
  3 goblin skeletons (D:4)
  2 goblin zombies (D:4)
  A hobgoblin zombie (D:4)
  A jackal skeleton (D:8)
  A jackal zombie (D:5)
  A quokka zombie (D:5)
  8 rats
211 creatures vanquished.

Notes
Turn   | Place    | Note
--------------------------------------------------------------
     0 | D:1      | ketsa the Draconian Ice Elementalist began the quest for the Orb.
     0 | D:1      | Reached XP level 1. HP: 14/14 MP: 3/3
   259 | D:1      | Reached XP level 2. HP: 10/22 MP: 1/5
   425 | D:1      | Learned a level 2 spell: Throw Frost
   832 | D:1      | Reached skill level 1 in Fighting
  1018 | D:2      | Reached XP level 3. HP: 19/28 MP: 0/6
  1262 | D:2      | Found a blossoming altar of Fedhas.
  1434 | D:2      | Found a sparkling altar of Nemelex Xobeh.
  2073 | D:2      | Noticed an oklob plant
  2141 | D:3      | Reached XP level 4. HP: 19/36 MP: 6/8
  2386 | D:3      | Noticed emiel's ghost (amateur FoFE)
  3175 | D:4      | Reached skill level 4 in Ice Magic
  3293 | D:4      | Reached XP level 5. HP: 19/42 MP: 6/9
  3706 | D:4      | Found a glowing golden altar of the Shining One.
  3867 | D:4      | Found a staircase to the Ecumenical Temple.
  3878 | Temple   | Entered the Ecumenical Temple
  4795 | D:5      | Entered Level 5 of the Dungeon
  4795 | D:5      | Noticed a water moccasin
  4805 | D:5      | Reached XP level 6. HP: 46/51 MP: 5/11
  4923 | D:5      | Noticed an ogre
  4931 | D:5      | Killed an ogre
  5395 | D:5      | Reached skill level 5 in Ice Magic
  5505 | D:5      | Your scales start taking on a golden yellow colour.
  5505 | D:5      | Reached XP level 7. HP: 59/59 MP: 2/13
  5672 | D:5      | Found a deep blue altar of Sif Muna.
  5784 | D:5      | Killed a water moccasin
  7041 | D:6      | Reached skill level 5 in Fighting
  7606 | D:5      | Reached skill level 1 in Staves
  7987 | D:7      | Reached skill level 6 in Ice Magic
  7987 | D:7      | Reached XP level 8. HP: 35/69 MP: 6/15
  8247 | D:6      | Reached skill level 5 in Spellcasting
  8309 | D:6      | Noticed a troll
  8838 | D:8      | Found a snail-covered altar of Cheibriados.
  9812 | D:8      | Found a burning altar of Makhleb.
  9812 | D:8      | Found a radiant altar of Vehumet.
  9852 | D:8      | Became a worshipper of Makhleb the Destroyer
 10292 | D:7      | Reached XP level 9. HP: 38/78 MP: 11/17
 11019 | D:6      | Reached skill level 7 in Ice Magic
 11403 | D:6      | Reached * piety under Makhleb
 11783 | D:6      | Found an iron altar of Okawaru.
 13289 | D:8      | Found a blossoming altar of Fedhas.
 13366 | D:8      | Reached ** piety under Makhleb
 13693 | D:9      | Noticed a molten gargoyle
 13694 | D:9      | Noticed a molten gargoyle
 13772 | D:8      | Learned a level 4 spell: Throw Icicle
 13844 | D:9      | Found a staircase to the Lair.
 13844 | D:9      | Noticed a fire drake
 13856 | D:9      | Killed a fire drake
 13856 | D:9      | Reached skill level 1 in Unarmed Combat
 13872 | Lair:1   | Entered Level 1 of the Lair of Beasts
 13879 | D:9      | Mangled by a blink frog

Action                   |  1- 3 |  4- 6 |  7- 9 || total
-------------------------+-------+-------+-------++-------
Melee: Unarmed           |    29 |       |       ||    29
       Dagger            |    40 |       |       ||    40
       Quarterstaff      |    56 |    63 |   320 ||   439
 Cast: Freeze            |    23 |    51 |   207 ||   281
       Throw Frost       |       |    25 |    55 ||    80
       Throw Icicle      |       |       |     1 ||     1
 Abil: Spit Acid         |       |       |     1 ||     1
Evoke: Wand              |       |       |     1 ||     1
  Use: Scroll            |       |     5 |     6 ||    11
       Potion            |       |       |     2 ||     2
 Stab: Sleeping          |     2 |     5 |     2 ||     9
       Distracted        |       |       |     1 ||     1
  Eat: Chunk             |     4 |     5 |    22 ||    31
       Meat ration       |       |     1 |     6 ||     7
       Beef jerky        |       |     1 |       ||     1
       Royal jelly       |       |       |     1 ||     1
